 Dungeon Crawl Stone Soup version 0.17.1-3-g152610e (webtiles) character file.

86 Goblin1989 the Insei (level 4, 0/28 HPs)
             Began as an Octopode Transmuter on Feb 24, 2016.
             Succumbed to an adder's poison
             ... on level 2 of the Dungeon.
             The game lasted 00:07:05 (2074 turns).

Goblin1989 the Insei (Octopode Transmuter)          Turns: 2074, Time: 00:07:05

Health: 0/28       AC:  1    Str:  9    XL:     4   Next: 50%
Magic:  7/7        EV: 12    Int: 16    God:
Gold:   144        SH:  0    Dex: 12    Spells: 3 memorised, 1 level left

rFire  . . .     SeeInvis .       - Unarmed
rCold  . . .     Clarity  .     (no shield)
rNeg   . . .     SustAt   .     (helmet restricted)
rPois  .         Gourm    .     (no amulet)
rElec  .         Spirit   .     f - ring of teleportation (curse)
rCorr  .         Warding  .     e - ring of protection from magic
rMut   .         Rnd*Tele +     (no ring)
MR     +....                    (no ring)
Stlth  ++........               (no ring)
                                (no ring)
                                (no ring)
                                (no ring)

@: lethally poisoned (0 -> -3), flying, somewhat resistant to hostile
enchantments, unstealthy
A: almost no armour, amphibious, 8 rings, constrict 8, camouflage 1, gelatinous
body 1
a: Evoke Teleportation


You were on level 2 of the Dungeon.
You were not hungry.

You visited 1 branch of the dungeon, and saw 3 of its levels.

You collected 144 gold pieces.

Inventory:

Missiles
 a - 12 arrows
Jewellery
 e - a ring of protection from magic (right tentacle)
 f - a cursed ring of teleportation (left tentacle)
Scrolls
 g - a scroll of identify
 l - a scroll of amnesia
Books
 b - a book of Changes

   Spells                             Type                      Level
   a - Beastly Appendage              Transmutation                1
   b - Sticks to Snakes               Transmutation                2
   c - Spider Form                    Transmutation/Poison         3
   d - Ice Form                       Ice/Transmutation            4
   e - Blade Hands                    Transmutation                5
Comestibles
 c - 4 bread rations
 k - 2 slices of pizza


   Skills:
 - Level 1.0 Fighting
 - Level 2.0 Dodging
 * Level 5.1 Unarmed Combat
 - Level 2.0 Spellcasting
 - Level 2.0 Transmutations


You had one spell level left.
You knew the following spells:

 Your Spells              Type           Power        Failure   Level  Hunger
a - Beastly Appendage     Trmt           #.....       10%         1    #......
b - Sticks to Snakes      Trmt           #.........   14%         2    ###....
c - Spider Form           Trmt/Pois      #.........   38%         3    ###....


Dungeon Overview and Level Annotations

Branches:
Dungeon (3/15)

Altars:

Annotations:
D:2 Sigmund; Terence
D:3 MrTails's ghost, amateur DsBe


Innate Abilities, Weirdness & Mutations

You cannot wear most types of armour.
You are amphibious.
You can wear up to eight rings at the same time.
You can use your tentacles to constrict eight enemies at once.
Your skin changes colour to match your surroundings (Stealth).
Your rubbery body absorbs attacks (AC +1).


Message History

Okay, then.
Read which item? (? for menu, Esc to quit)
As you read the scroll labeled QUONUK VINNUZEE, it crumbles to dust.
It is a scroll of identify.
Identify which item? (\ to view known items) (? for menu, Esc to quit)
e - an uncursed ring of protection from magic Unknown command.
Put on which piece of jewellery? (? for menu, Esc to quit)
You feel slightly jumpy.
Oops, that ring feels deathly cold.
f - a cursed ring of teleportation (left tentacle) Put on which piece of jewellery? (? for menu, Esc to quit)
e - a ring of protection from magic (right tentacle) Unknown command.
Your surroundings suddenly seem different.
* * * LOW HITPOINT WARNING * * *
You feel sick.
Terence the Incautious comes into view.
He is wielding a flail.
Your tentacle spike disappears.
Found an escape hatch in the ceiling.
You die...

...# .. #
#..# ##..
#. #..#
.... .
#.###..#
.... ...
...#..#
....
@....#.#..#
..##
..........#
..#
<#####.#..#
..# #.#@.#
..# #.#..#
..# ..#..#
### ###..#
#..# #..#
...# #.##


There were no monsters in sight!

Vanquished Creatures
  5 adders
  7 orcs (D:3)
  A giant cockroach (D:1)
  2 goblins (D:1)
  5 hobgoblins
  5 jackals
  2 bats
  4 kobolds
  2 rats
33 creatures vanquished.

Notes
Turn   | Place    | Note
--------------------------------------------------------------
     0 | D:1      | Goblin1989 the Octopode Transmuter began the quest for the Orb.
     0 | D:1      | Reached XP level 1. HP: 13/13 MP: 3/3
   197 | D:1      | Reached XP level 2. HP: 18/18 MP: 3/5
   201 | D:1      | Learned a level 2 spell: Sticks to Snakes
   748 | D:2      | Reached skill level 4 in Unarmed Combat
   907 | D:2      | Reached XP level 3. HP: 23/23 MP: 4/6
  1464 | D:2      | Noticed Sigmund
  2005 | D:3      | Reached XP level 4. HP: 24/28 MP: 4/7
  2023 | D:3      | Learned a level 3 spell: Spider Form
  2042 | D:3      | Noticed MrTails's ghost (amateur DsBe)
  2061 | D:2      | Reached skill level 5 in Unarmed Combat
  2071 | D:2      | HP: 1/28 [poisoned by an adder]
  2072 | D:2      | Noticed Terence
  2074 | D:2      | Succumbed to an adder's poison

Action                   |  1- 3 |  4- 6 || total
-------------------------+-------+-------++-------
Melee: Unarmed           |    80 |    13 ||    93
 Cast: Beastly Appendage |    17 |     2 ||    19
  Use: Scroll            |       |     5 ||     5
       Potion            |       |     2 ||     2
 Stab: Sleeping          |     2 |       ||     2
  Eat: Bread ration      |     1 |       ||     1
